[Event "November 21 Early 2023"]
[Site "https://www.chess.com"]
[Date "2023.11.21"]
[Round "1"]
[White "Samunenkov, Ihor"]
[Black "Burovic00"]
[Result "1-0"]
[Board "93"]
[TimeControl "180+1"]
[WhiteFideId "14187086"]
[WhiteElo "2473"]
[BlackElo "2430"]
[WhiteTeam "UKR"]
[WhiteClock "0:00:10"]
[BlackClock "0:00:06"]

1. d4 Nf6 2. c4 g6 3. Nf3 Bg7 4. g3 O-O 5. Bg2 d6 6. O-O Nc6 7. Nc3 e5 8. dxe5 dxe5 9. Bg5 Be6 10. Qa4 Qb8 11. Nd2 Nd7 12. b4 Nb6 13. Qb5 Nd4 14. Qc5 h6 15. Be3 Nc2 16. Rac1 Nd7 17. Qa5 Nxe3 18. fxe3 c6 19. c5 f5 20. e4 f4 21. Rcd1 Nf6 22. Nf3 Ng4 23. Rd6 Re8 24. Bh3 Qc8 25. Rfd1 Ne3 26. Rxe6 Rxe6 27. Rd6 Nc4 28. Bxe6+ Qxe6 29. Rxe6 Nxa5 30. bxa5 Rd8 31. Rxg6 Kf7 32. Rd6 Rxd6 33. cxd6 Ke6 34. gxf4 exf4 35. e5 b6 36. axb6 axb6 37. Na4 1-0

[Event "November 21 Early 2023"]
[Site "https://www.chess.com"]
[Date "2023.11.21"]
[Round "1"]
[White "Yeritsyan, Hayk"]
[Black "Djordjevic, Vuk"]
[Result "0-1"]
[Board "94"]
[TimeControl "180+1"]
[WhiteFideId "13307320"]
[BlackFideId "902098"]
[WhiteElo "2130"]
[BlackElo "2425"]
[WhiteTeam "ARM"]
[BlackTeam "SRB"]
[WhiteClock "0:00:01"]
[BlackClock "0:00:40"]

1. c4 e5 2. Nc3 Nc6 3. g3 g6 4. Bg2 d6 5. d3 Be6 6. e3 Qd7 7. h3 Bg7 8. Nge2 Nge7 9. d4 Bxc4 10. d5 Nd8 11. e4 O-O 12. h4 h6 13. Be3 f5 14. Qd2 Kh7 15. h5 g5 16. exf5 Nxf5 17. Be4 Kh8 18. O-O-O Nxe3 19. Qxe3 a5 20. Kb1 a4 21. Bc2 b5 22. a3 Nb7 23. Ne4 Qf7 24. N2c3 Qf3 25. Qd2 Nc5 26. Nxc5 dxc5 27. Ne4 b4 28. Nxc5 bxa3 29. Ne6 Rfb8 30. Nxg7 Rxb2+ 31. Kc1 Bb3 32. Qc3 0-1

[Event "November 21 Early 2023"]
[Site "https://www.chess.com"]
[Date "2023.11.21"]
[Round "1"]
[White "Nazari, Arad"]
[Black "Kovalevsky, Stanislav"]
[Result "0-1"]
[Board "95"]
[TimeControl "180+1"]
[WhiteFideId "12577324"]
[BlackFideId "13508598"]
[WhiteElo "2100"]
[BlackElo "2092"]
[WhiteTeam "IRI"]
[BlackTeam "FID"]
[WhiteClock "0:00:00"]
[BlackClock "0:00:16"]

1. e4 c6 2. Nf3 d5 3. Nc3 Bg4 4. h3 Bxf3 5. Qxf3 d4 6. Nd1 e5 7. Qg3 Nf6 8. Qxe5+ Be7 9. Bd3 O-O 10. O-O Bd6 11. Qf5 g6 12. Qf3 Nbd7 13. b3 Nh5 14. Nb2 Ne5 15. Qd1 Qg5 16. Kh1 Nf4 17. Rg1 Qh4 18. Bf1 Qxf2 19. d3 Nh5 20. Bg5 Qg3 0-1

[Event "November 21 Early 2023"]
[Site "https://www.chess.com"]
[Date "2023.11.21"]
[Round "1"]
[White "Avalos Parra, Joao"]
[Black "Sokolovsky, Yahli"]
[Result "0-1"]
[Board "96"]
[TimeControl "180+1"]
[WhiteFideId "3402541"]
[BlackFideId "2820242"]
[WhiteElo "2173"]
[BlackElo "2389"]
[WhiteTeam "CHI"]
[BlackTeam "ISR"]
[WhiteClock "0:00:14"]
[BlackClock "0:00:12"]

1. d4 d6 2. c4 e5 3. Nf3 e4 4. Ng1 f5 5. Nc3 Nf6 6. g3 g6 7. Bg2 Bg7 8. Nh3 O-O 9. O-O c6 10. b3 Na6 11. Ba3 Nc7 12. e3 Kh8 13. Nf4 Ne6 14. Nxe6 Bxe6 15. Rc1 Bg8 16. Qd2 Qd7 17. Ne2 Rae8 18. Rfd1 h6 19. Nf4 Bf7 20. Qb4 g5 21. Ne2 Bh5 22. Rd2 Rd8 23. Nc3 Rfe8 24. Qa4 f4 25. d5 f3 26. Bf1 c5 27. Qxd7 Rxd7 28. b4 b6 29. bxc5 dxc5 30. Bb2 Rb8 31. Nb5 Ne8 32. Bxg7+ Kxg7 33. a4 Nd6 34. Ra2 Kf6 35. Rca1 Ke5 36. Bh3 g4 37. Bf1 Bg6 38. h3 h5 39. h4 Bf7 40. Ra3 Rdb7 41. R3a2 Ra8 42. Rb2 Be8 43. Nc3 Bd7 44. a5 Rab8 45. Rab1 bxa5 46. Rxb7 Rxb7 47. Rxb7 Nxb7 48. Nb1 a4 49. Na3 Na5 50. Nb1 Nb3 51. Na3 Nd2 52. Nc2 Bc8 53. Na3 Ba6 54. Nb5 Bxb5 55. cxb5 a3 56. b6 axb6 0-1

[Event "November 21 Early 2023"]
[Site "https://www.chess.com"]
[Date "2023.11.21"]
[Round "1"]
[White "Parligras, Mircea-Emilian"]
[Black "Srebrnic, Marko"]
[Result "1-0"]
[Board "97"]
[TimeControl "180+1"]
[WhiteFideId "1204297"]
[BlackFideId "14603616"]
[WhiteElo "2486"]
[BlackElo "2322"]
[WhiteTeam "ROU"]
[BlackTeam "SLO"]
[WhiteClock "0:00:14"]
[BlackClock "0:00:01"]

1. e4 c5 2. Nf3 Nc6 3. d4 cxd4 4. Nxd4 e5 5. Nb5 d6 6. c4 Be7 7. N1c3 a6 8. Na3 Be6 9. Be2 Bg5 10. O-O Bxc1 11. Rxc1 Nf6 12. Nc2 O-O 13. Qd2 Qb6 14. b3 Rad8 15. Rfd1 h6 16. Bf3 Nh7 17. Qe3 Qxe3 18. Nxe3 Ng5 19. Be2 Nd4 20. Bd3 g6 21. h4 Nh7 22. Ne2 Nxe2+ 23. Bxe2 Nf6 24. Bf3 Rd7 25. Rd2 Rc8 26. Rcd1 Ne8 27. Bg4 Kf8 28. h5 Bxg4 29. Nxg4 gxh5 30. Nxh6 b5 31. cxb5 axb5 32. Nf5 Ra8 33. Rc1 Rda7 34. Rcc2 Ra6 35. f3 b4 36. Kf2 Kg8 37. Ne7+ Kf8 38. Nd5 Rb8 39. Rc4 Ng7 40. Rxb4 Rc8 41. Rb7 Ne6 42. Nb4 Raa8 43. Rxd6 Rab8 44. Rxb8 Rxb8 45. Rd5 Rxb4 46. Rxe5 Rb8 47. Rxh5 Rc8 48. Rh8+ 1-0

[Event "November 21 Early 2023"]
[Site "https://www.chess.com"]
[Date "2023.11.21"]
[Round "1"]
[White "Rios Escobar, Adan"]
[Black "Korchmar, Vasiliy"]
[Result "0-1"]
[Board "98"]
[TimeControl "180+1"]
[WhiteFideId "3403645"]
[BlackFideId "24131750"]
[WhiteElo "2422"]
[BlackElo "2372"]
[WhiteTeam "CHI"]
[BlackTeam "RUS"]
[WhiteClock "0:00:02"]
[BlackClock "0:00:13"]

1. d4 Nf6 2. g3 d5 3. Nf3 g6 4. Bg2 c6 5. c4 dxc4 6. a4 a5 7. Na3 Be6 8. Ng5 Bd5 9. e4 h6 10. exd5 hxg5 11. dxc6 Nxc6 12. d5 Nb4 13. Nxc4 Bg7 14. O-O g4 15. d6 O-O 16. Bxb7 Rb8 17. Bg2 exd6 18. Qxd6 Qc8 19. Nxa5 Rd8 20. Qe7 Nfd5 21. Qe2 Nc2 22. Rb1 Nd4 23. Qe4 Rb4 24. Bg5 Nf3+ 25. Bxf3 Rxe4 26. Bxe4 Re8 27. Bxd5 Qf5 28. Bc6 Re2 29. b4 Qxg5 30. b5 Bd4 31. Nc4 Qf5 32. Nd6 Bxf2+ 33. Kh1 Qh5 34. Bg2 Bxg3 35. h3 Bxd6 36. b6 gxh3 37. Bd5 Qxd5+ 38. Kg1 Qg2# 0-1

[Event "November 21 Early 2023"]
[Site "https://www.chess.com"]
[Date "2023.11.21"]
[Round "1"]
[White "Ilkhomi, Jaloliddin"]
[Black "kaanadayhamle"]
[Result "1-0"]
[Board "99"]
[TimeControl "180+1"]
[WhiteFideId "14700948"]
[WhiteElo "2054"]
[BlackElo "2422"]
[WhiteTeam "TJK"]
[WhiteClock "0:01:08"]
[BlackClock "0:00:16"]

1. Nf3 Nf6 2. d4 d5 3. Bf4 Nbd7 4. e3 e6 5. Nbd2 b6 6. Bd3 Bb7 7. Ne5 Nxe5 8. Bxe5 Bd6 9. f4 O-O 10. Qf3 c5 11. c3 Rc8 12. h4 Be7 13. Bxf6 Bxf6 14. h5 cxd4 15. exd4 Re8 16. O-O Rc7 17. Rae1 Rce7 18. Qg3 Qd6 19. Nf3 Bc6 20. Ne5 b5 21. Ng4 Kh8 22. Nxf6 gxf6 23. Qh4 e5 24. fxe5 fxe5 25. dxe5 Rxe5 26. Rxe5 Qxe5 27. Rxf7 Qe1+ 28. Qxe1 Rxe1+ 29. Kf2 Rd1 30. Bxh7 Be8 31. Rf8+ Kxh7 32. Rxe8 Rd2+ 33. Re2 Rd3 34. Re6 Rd2+ 35. Kf3 Rxb2 36. g4 Rxa2 37. g5 Ra3 38. Re7+ Kg8 39. Kf4 Rxc3 40. g6 Kf8 41. Rf7+ Kg8 42. h6 Rh3 43. h7+ Kh8 44. Rf8+ Kg7 45. Rg8+ Kf6 46. h8=Q+ Rxh8 47. Rxh8 Kxg6 48. Ke5 a5 49. Rb8 b4 50. Kxd5 Kf5 51. Kc4 Ke4 52. Rb5 Ke3 53. Rxa5 Kd2 54. Rb5 b3 1-0

[Event "November 21 Early 2023"]
[Site "https://www.chess.com"]
[Date "2023.11.21"]
[Round "1"]
[White "Weisz, Bryan"]
[Black "Sadubayev, Airat"]
[Result "1-0"]
[Board "100"]
[TimeControl "180+1"]
[WhiteFideId "30934133"]
[BlackFideId "13713264"]
[WhiteElo "2421"]
[BlackElo "2137"]
[WhiteTeam "USA"]
[BlackTeam "KAZ"]
[WhiteClock "0:00:07"]
[BlackClock "0:00:01"]

1. e4 c5 2. Nf3 e6 3. Nc3 Nc6 4. d4 cxd4 5. Nxd4 Qc7 6. Ndb5 Qb8 7. Be3 a6 8. Bb6 axb5 9. Nxb5 Bb4+ 10. c3 Ba5 11. Nc7+ Qxc7 12. Bxc7 Bxc7 13. Qg4 Kf8 14. Bb5 Nf6 15. Qe2 d5 16. exd5 exd5 17. O-O Bg4 18. f3 Bf5 19. a4 g6 20. a5 Bxa5 21. g4 Be6 22. Bxc6 bxc6 23. Qe5 Bb6+ 24. Kg2 Ke7 25. c4 Nd7 26. Qg5+ f6 27. Qh6 Ne5 28. f4 Nxg4 29. Qg7+ Kd6 30. Rfe1 Ne3+ 31. Rxe3 Bxe3 32. Re1 Bxf4 33. Qxf6 Rhf8 34. Qxe6+ Kc5 35. cxd5 cxd5 36. b4+ Kxb4 37. Qb6+ Kc4 38. Qc6+ Kd3 39. Qxd5+ Kc2 40. Re2+ Kc3 41. Qc5+ Kd3 42. Qc2+ Kd4 43. Re4+ Kd5 44. Qc4+ Kd6 45. Re6+ Kd7 46. Qc6+ Kd8 47. Qxa8+ Kd7 48. Qxf8 Kxe6 49. Qxf4 Ke7 50. Qh6 Ke6 51. Qxh7 1-0

[Event "November 21 Early 2023"]
[Site "https://www.chess.com"]
[Date "2023.11.21"]
[Round "1"]
[White "Tatarinov, Dmitry"]
[Black "Bochnicka, Vladimir"]
[Result "1-0"]
[Board "101"]
[TimeControl "180+1"]
[WhiteFideId "24160067"]
[BlackFideId "14943450"]
[WhiteElo "2344"]
[BlackElo "2170"]
[WhiteTeam "RUS"]
[BlackTeam "SVK"]
[WhiteClock "0:01:26"]
[BlackClock "0:00:00"]

1. d4 Nf6 2. c4 g6 3. Nc3 Bg7 4. e4 d6 5. Be2 O-O 6. Be3 e5 7. d5 a5 8. g4 Na6 9. g5 Nd7 10. h4 f5 11. Nf3 Ndc5 12. Nd2 Nb4 13. Bxc5 dxc5 14. a3 Na6 15. Qc2 Nb8 16. O-O-O Nd7 17. Rdg1 Nb6 18. h5 Bd7 19. Bd3 Nc8 20. Qd1 Nd6 21. Qf1 Be8 22. Qh3 gxh5 23. Be2 Bg6 24. Bxh5 Qe8 25. Bxg6 Qxg6 26. f3 Rab8 27. a4 c6 28. dxc6 bxc6 29. exf5 Qxf5 30. Nce4 Qxh3 31. Rxh3 Nf5 32. Nf6+ Bxf6 33. gxf6+ Kh8 34. Ne4 Rb7 35. Nxc5 Rb4 36. Ne4 Rxc4+ 37. Kb1 Rd4 38. Rg7 Nxg7 39. fxg7+ Kxg7 40. Ng5 h6 41. Ne6+ Kf7 42. Nxd4 exd4 43. Rxh6 c5 44. Rc6 Ke7 45. Rxc5 Rxf3 46. Rxa5 d3 47. Rd5 Ke6 48. Rd8 Ke5 49. a5 1-0

[Event "November 21 Early 2023"]
[Site "https://www.chess.com"]
[Date "2023.11.21"]
[Round "1"]
[White "Zeman, Matyas"]
[Black "Csonka, Balazs"]
[Result "0-1"]
[Board "102"]
[TimeControl "180+1"]
[WhiteFideId "364398"]
[BlackFideId "742910"]
[WhiteElo "2286"]
[BlackElo "2399"]
[WhiteTeam "CZE"]
[BlackTeam "HUN"]
[WhiteClock "0:00:00"]
[BlackClock "0:00:08"]

1. e4 e6 2. d4 d5 3. Nc3 Bb4 4. exd5 exd5 5. Bd3 Nf6 6. Ne2 O-O 7. O-O h6 8. h3 Re8 9. Ng3 c5 10. dxc5 Bxc5 11. Qf3 Nc6 12. Nh5 Nxh5 13. Qxh5 Re5 14. Qf3 Nd4 15. Qg3 Rh5 16. Be3 Qf6 17. Rad1 Bxh3 18. gxh3 Nf3+ 19. Kh1 d4 20. Ne4 Qe6 21. Kg2 Nh4+ 22. Kh1 Nf3 23. Kg2 Nh4+ 24. Kh1 dxe3 25. fxe3 Ng6 26. Kg2 Be7 27. Rf3 Nh4+ 28. Kh1 Nxf3 0-1

[Event "November 21 Early 2023"]
[Site "https://www.chess.com"]
[Date "2023.11.21"]
[Round "1"]
[White "Krzyzanowski, Marcin"]
[Black "Gutkin, Ilya"]
[Result "1-0"]
[Board "103"]
[TimeControl "180+1"]
[WhiteFideId "1132199"]
[BlackFideId "16203470"]
[WhiteElo "2471"]
[BlackElo "2248"]
[WhiteTeam "POL"]
[BlackTeam "GER"]
[WhiteClock "0:00:54"]
[BlackClock "0:00:00"]

1. Nf3 d5 2. g3 Nc6 3. Bg2 e5 4. O-O f5 5. c4 e4 6. Ne1 dxc4 7. d3 cxd3 8. exd3 Nf6 9. Nc3 Be6 10. Qa4 exd3 11. Nxd3 Qxd3 12. Bxc6+ bxc6 13. Qxc6+ Kf7 14. Qxa8 Bb4 15. Qc6 Bxc3 16. Qxc7+ Kg6 17. Qxc3 Qe4 18. Re1 Qd5 19. Be3 Rc8 20. Qd4 Qf3 21. Qf4 Qb7 22. Rac1 Rd8 23. Qg5+ Kf7 24. Bf4 Rd7 25. Be5 h6 26. Qh4 Ne4 27. Qh5+ Kg8 28. Qe8+ Kh7 29. Qxe6 Ng5 30. Qxf5+ g6 31. Qxd7+ Qxd7 32. Rc7 Nf3+ 33. Kf1 Nxe5 34. Rxd7+ 1-0

[Event "November 21 Early 2023"]
[Site "https://www.chess.com"]
[Date "2023.11.21"]
[Round "1"]
[White "Osinovsky, Stepan"]
[Black "NovozhilovSemen"]
[Result "0-1"]
[Board "104"]
[TimeControl "180+1"]
[WhiteFideId "4157354"]
[WhiteElo "2222"]
[BlackElo "2739"]
[WhiteTeam "RUS"]
[WhiteClock "0:00:00"]
[BlackClock "0:00:30"]

1. e4 c5 2. Nf3 Nc6 3. Bb5 g6 4. O-O Bg7 5. Re1 Nf6 6. Nc3 O-O 7. e5 Ng4 8. Bxc6 dxc6 9. h3 Nh6 10. d3 Nf5 11. Bf4 h6 12. h4 b6 13. Qd2 Kh7 14. Ne4 Nd4 15. Nxd4 cxd4 16. a4 c5 17. a5 Bb7 18. e6 f5 19. Ng3 Qd5 20. f3 b5 21. Re2 Rf6 22. Rae1 Re8 23. Re5 Qc6 24. h5 g5 25. Bxg5 hxg5 26. Nxf5 Bh8 27. Qxg5 Rg8 28. Nxe7 Rxg5 29. Rxg5 Qd6 30. Ng6 Bc6 31. e7 Be8 32. Nf8+ Kh6 0-1

[Event "November 21 Early 2023"]
[Site "https://www.chess.com"]
[Date "2023.11.21"]
[Round "1"]
[White "Begmuratov, Alisher"]
[Black "hristos03"]
[Result "1-0"]
[Board "105"]
[TimeControl "180+1"]
[WhiteFideId "14203367"]
[WhiteElo "2387"]
[BlackElo "2414"]
[WhiteTeam "UZB"]
[WhiteClock "0:01:30"]
[BlackClock "0:00:00"]

1. e4 c5 2. Nf3 d6 3. Bb5+ Nd7 4. a4 Nf6 5. Nc3 g6 6. O-O a6 7. Be2 Bg7 8. d3 O-O 9. a5 b5 10. axb6 a5 11. Nd2 Nxb6 12. Nc4 Nxc4 13. dxc4 Bb7 14. Bf3 Nd7 15. Ra3 Ne5 16. Be2 Qd7 17. Nd5 Ra6 18. f4 Nc6 19. f5 Nd4 20. f6 exf6 21. Nxf6+ Bxf6 22. Rxf6 Bxe4 23. Bh6 Re8 24. Bg4 Qe7 25. Bg5 Bxc2 26. Qd2 Qe1+ 27. Qxe1 Rxe1+ 28. Kf2 Re4 29. Bf3 Re6 30. Rf4 Kg7 31. Bd5 h6 32. Bxe6 Nxe6 33. Bf6+ Kh7 34. Rh4 Ra8 35. Rxh6+ 1-0

[Event "November 21 Early 2023"]
[Site "https://www.chess.com"]
[Date "2023.11.21"]
[Round "1"]
[White "Topalov, Aleksandar"]
[Black "Komov, Roman"]
[Result "0-1"]
[Board "106"]
[TimeControl "180+1"]
[WhiteFideId "925659"]
[BlackFideId "24175714"]
[WhiteElo "2151"]
[BlackElo "2189"]
[WhiteTeam "SRB"]
[BlackTeam "RUS"]
[WhiteClock "0:01:35"]
[BlackClock "0:01:59"]

1. b3 d5 2. Bb2 c5 3. e3 a6 4. f4 Nc6 5. Nf3 Nf6 6. Be2 g6 7. O-O Bg7 8. Ne5 O-O 9. Nxc6 bxc6 10. d3 d4 11. e4 e5 12. fxe5 Nd7 13. Ba3 Bxe5 14. Nd2 Bg7 15. Nc4 a5 16. Bc1 a4 17. Bf4 Ba6 18. Nd2 axb3 19. axb3 Ne5 20. Qe1 Bb5 21. Qg3 Re8 22. Nf3 Rxa1 23. Rxa1 Nd7 0-1

[Event "November 21 Early 2023"]
[Site "https://www.chess.com"]
[Date "2023.11.21"]
[Round "1"]
[White "De Silva, L M S T"]
[Black "Golubenko, Valentina"]
[Result "1-0"]
[Board "107"]
[TimeControl "180+1"]
[WhiteFideId "9953698"]
[BlackFideId "4501993"]
[WhiteElo "2372"]
[BlackElo "2126"]
[WhiteTeam "SRI"]
[BlackTeam "CRO"]
[WhiteClock "0:00:25"]
[BlackClock "0:00:06"]

1. Nf3 Nf6 2. e3 g6 3. b3 Bg7 4. Bb2 d5 5. d4 O-O 6. Nbd2 c5 7. c4 cxd4 8. Nxd4 Nc6 9. Be2 Re8 10. cxd5 Nxd5 11. Nxc6 bxc6 12. Bxg7 Kxg7 13. Qc2 Bd7 14. O-O Rc8 15. Ne4 Bf5 16. Qb2+ Kg8 17. Nc5 Qb6 18. Rac1 Red8 19. e4 Nf4 20. exf5 Rd5 21. Na4 Qa5 22. Bc4 Rxf5 23. Nc3 Rg5 24. g3 Nh3+ 25. Kh1 Qf5 26. f3 Rd8 27. Ne4 Qe5 28. Qg2 Rh5 29. f4 Qd4 30. Ng5 Nxg5 31. fxg5 e6 32. Qf3 Rxg5 33. Rcd1 Qb6 34. Qxf7+ 1-0

[Event "November 21 Early 2023"]
[Site "https://www.chess.com"]
[Date "2023.11.21"]
[Round "1"]
[White "Goldin, Roman"]
[Black "Hua, Lefong"]
[Result "0-1"]
[Board "108"]
[TimeControl "180+1"]
[WhiteFideId "2803860"]
[BlackFideId "2602253"]
[WhiteElo "2312"]
[BlackElo "2727"]
[WhiteTeam "ISR"]
[BlackTeam "CAN"]
[WhiteClock "0:00:00"]
[BlackClock "0:01:04"]

1. e4 c5 2. Nf3 g6 3. Bc4 Bg7 4. O-O Nc6 5. a3 d6 6. d3 Nf6 7. Nc3 Bg4 8. h3 Bxf3 9. Qxf3 O-O 10. Ba2 Nd4 11. Qd1 b5 12. f4 Nd7 13. Nd5 e6 14. Ne3 Qb6 15. c3 Nc6 16. Kh1 Kh8 17. f5 exf5 18. exf5 Nce5 19. Nd5 Qd8 20. f6 Nxf6 21. Bg5 Nxd5 22. Bxd8 Ne3 23. Qe1 Nxf1 24. Bh4 Nxd3 25. Qxf1 c4 26. Be7 Rfe8 27. Bxd6 f5 28. a4 Rad8 29. Bg3 a6 30. axb5 axb5 31. Bh4 Ra8 32. b3 Bxc3 33. bxc4 bxc4 34. Rd1 Rxa2 35. Rxd3 cxd3 36. Qxd3 Be5 37. Bf2 Rxf2 0-1

[Event "November 21 Early 2023"]
[Site "https://www.chess.com"]
[Date "2023.11.21"]
[Round "1"]
[White "Orujov2008"]
[Black "Lebedev, Artem S."]
[Result "1-0"]
[Board "109"]
[TimeControl "180+1"]
[BlackFideId "34272747"]
[WhiteElo "2724"]
[BlackElo "1952"]
[BlackTeam "RUS"]
[WhiteClock "0:01:14"]
[BlackClock "0:00:00"]

1. e4 e5 2. Nf3 Nc6 3. Bb5 a6 4. Ba4 Bc5 5. c3 Nge7 6. d4 exd4 7. cxd4 Bb4+ 8. Bd2 Bxd2+ 9. Nbxd2 d5 10. e5 O-O 11. O-O Bg4 12. h3 Bh5 13. g4 Bg6 14. Qe2 f5 15. exf6 Rxf6 16. Rae1 Qd6 17. Qe3 Raf8 18. Ng5 b5 19. Bb3 h6 20. Ne6 Re8 21. Nc5 Kh7 22. Qg3 Qxg3+ 23. fxg3 Rxf1+ 24. Kxf1 Nxd4 25. Nxa6 Rf8+ 26. Kg2 Nec6 27. Bxd5 Rd8 28. Be4 Bxe4+ 29. Nxe4 Nc2 30. Re2 N2b4 31. Nxb4 Nxb4 32. a3 Nd5 33. g5 Re8 34. h4 Kg6 35. gxh6 Kxh6 36. Nc3 1-0

[Event "November 21 Early 2023"]
[Site "https://www.chess.com"]
[Date "2023.11.21"]
[Round "1"]
[White "Pace, Christopher"]
[Black "Karthik Rajaa"]
[Result "0-1"]
[Board "110"]
[TimeControl "180+1"]
[WhiteFideId "2610167"]
[BlackFideId "25035215"]
[WhiteElo "2412"]
[BlackElo "2276"]
[WhiteTeam "CAN"]
[BlackTeam "IND"]
[WhiteClock "0:00:24"]
[BlackClock "0:00:14"]

1. e4 c6 2. d4 d5 3. Nc3 dxe4 4. Nxe4 Nf6 5. Nxf6+ exf6 6. c3 Bd6 7. Qc2 O-O 8. Bd3 Re8+ 9. Ne2 h5 10. Be3 Nd7 11. O-O-O Nf8 12. h3 Be6 13. Kb1 Rc8 14. g4 h4 15. Nf4 Bxf4 16. Bxf4 Bd5 17. Rhg1 Ne6 18. Bc1 Ng5 19. f4 Ne6 20. g5 fxg5 21. fxg5 c5 22. dxc5 Nxc5 23. Bh7+ Kh8 24. c4 Qb6 25. Rxd5 Na6 26. Rg4 Nb4 27. Qd1 Kxh7 28. Rxh4+ Kg8 29. Qh5 Qg6+ 30. Qxg6 fxg6 31. Rd1 Re2 32. a3 Na6 33. Rhd4 Nc5 34. Ka2 Na4 35. R1d3 b5 36. Rd8+ Rxd8 37. Rxd8+ Kh7 38. cxb5 Nc3+ 39. Kb3 Nxb5 40. a4 Nc7 41. Rd7 Ne6 42. Rxa7 Re4 43. a5 Nc5+ 44. Kc2 Ra4 45. Be3 Ne4 46. a6 Nd6 47. Bc5 Rc4+ 48. Kd3 Rxc5 49. Rd7 Rd5+ 50. Ke2 Re5+ 51. Kd1 Nc4 52. a7 Ra5 53. Rc7 Nxb2+ 54. Kc2 Na4 55. Kb3 Nb6 56. Kb4 Ra1 57. Kb5 Nd5 58. Rd7 Nf4 59. Kb6 Nxh3 60. Kb7 Nxg5 61. a8=Q Rxa8 62. Kxa8 Ne6 63. Rd6 Nf4 64. Kb7 g5 65. Kc6 g4 66. Rd4 g5 67. Kc5 Ne6+ 68. Kd5 Nxd4 69. Kxd4 Kg6 70. Ke3 Kf5 71. Kf2 Kf4 72. Kg1 Kg3 73. Kf1 Kh2 74. Kf2 g3+ 75. Kf1 g2+ 76. Ke2 g1=Q 77. Kd3 g4 78. Kc4 g3 0-1

[Event "November 21 Early 2023"]
[Site "https://www.chess.com"]
[Date "2023.11.21"]
[Round "1"]
[White "Sattarov, Bobir"]
[Black "Darmanin, Jake"]
[Result "1-0"]
[Board "111"]
[TimeControl "180+1"]
[WhiteFideId "14203081"]
[BlackFideId "5601061"]
[WhiteElo "2351"]
[BlackElo "2119"]
[WhiteTeam "UZB"]
[BlackTeam "MLT"]
[WhiteClock "0:02:13"]
[BlackClock "0:02:03"]

1. e4 e5 2. Nf3 Nc6 3. Bc4 Nf6 4. d3 h6 5. Nc3 Bc5 6. Be3 Bxe3 7. fxe3 d6 8. a4 a6 9. O-O Be6 10. Nd2 d5 11. exd5 Nxd5 12. Nxd5 Bxd5 13. e4 Bxc4 14. Nxc4 O-O 15. Kh1 b5 16. Ne3 g6 17. Nd5 Qd6 18. Rf6 Qc5 19. Rxc6 1-0

[Event "November 21 Early 2023"]
[Site "https://www.chess.com"]
[Date "2023.11.21"]
[Round "1"]
[White "Kozelov, Roman"]
[Black "Halkias, Stelios"]
[Result "0-1"]
[Board "112"]
[TimeControl "180+1"]
[WhiteFideId "14133377"]
[BlackFideId "4201809"]
[WhiteElo "2149"]
[BlackElo "2462"]
[WhiteTeam "UKR"]
[BlackTeam "GRE"]
[WhiteClock "0:00:42"]
[BlackClock "0:01:01"]

1. e4 c5 2. Nf3 d6 3. Bb5+ Nd7 4. a4 Nf6 5. Nc3 e6 6. O-O Be7 7. d4 cxd4 8. Nxd4 O-O 9. a5 a6 10. Be2 Qc7 11. Be3 b5 12. axb6 Nxb6 13. Ndb5 Qb8 14. Nd4 Qc7 15. Ndb5 axb5 16. Bxb6 Rxa1 17. Bxc7 Rxd1 18. Nxd1 Bd7 19. Ne3 Rc8 20. Bb6 Nxe4 21. Ra1 Bc6 22. Ra7 Bf6 23. c3 g6 24. f3 Nc5 25. Ng4 Bg7 26. Kf2 h5 27. Ne3 Na4 28. Bc7 Nxb2 29. Bxd6 Bxc3 30. Nc2 Nc4 31. Be7 Nb6 32. Kg3 Be5+ 33. f4 Bb8 34. Ra6 Nd5 35. Ba3 Bxf4+ 36. Kh3 Be5 37. Nb4 Nf4+ 0-1

[Event "November 21 Early 2023"]
[Site "https://www.chess.com"]
[Date "2023.11.21"]
[Round "1"]
[White "Aradhya, Garg"]
[Black "Kubatko, Ivan"]
[Result "1/2-1/2"]
[Board "113"]
[TimeControl "180+1"]
[WhiteFideId "25006746"]
[BlackFideId "24111473"]
[WhiteElo "2323"]
[BlackElo "2285"]
[WhiteTeam "IND"]
[BlackTeam "RUS"]
[WhiteClock "0:01:14"]
[BlackClock "0:00:05"]

1. d4 f5 2. Nf3 Nf6 3. c4 e6 4. Nc3 Be7 5. g3 O-O 6. Bg2 d6 7. O-O Ne4 8. Qc2 Nxc3 9. bxc3 Nc6 10. Rd1 Qe8 11. e4 e5 12. dxe5 dxe5 13. a4 f4 14. Ba3 Bg4 15. Rd3 Bxa3 16. Rxa3 Qe7 17. Rb3 b6 18. Nd2 fxg3 19. hxg3 Rad8 20. Nf1 Rxd3 21. Qxd3 Rd8 22. Qe3 Na5 23. Rb1 Nxc4 24. Qe1 Qd6 25. Ne3 Nxe3 26. Qxe3 h6 27. Bf1 Be6 28. a5 Qd2 29. Qf3 Rf8 30. Qe2 Qxe2 31. Bxe2 Rd8 32. axb6 cxb6 33. Ra1 Rd7 34. Ba6 Rc7 35. Ra3 Kf7 36. f3 Kf6 37. Kf2 Bc4 38. Bxc4 Rxc4 39. Rxa7 Rxc3 40. Rb7 Rb3 41. Rc7 Rb2+ 42. Ke3 Rb3+ 43. Kf2 Rb2+ 44. Ke3 b5 45. Rc6+ Kf7 46. Rc5 Kf6 47. Rc6+ Kf7 48. Rc5 Kf6 49. Rc6+ 1/2-1/2

[Event "November 21 Early 2023"]
[Site "https://www.chess.com"]
[Date "2023.11.21"]
[Round "1"]
[White "ChessLebaneseSalah"]
[Black "Goltsev, Dmitry"]
[Result "0-1"]
[Board "114"]
[TimeControl "180+1"]
[BlackFideId "24176710"]
[WhiteElo "2408"]
[BlackElo "2370"]
[BlackTeam "RUS"]
[WhiteClock "0:00:00"]
[BlackClock "0:00:12"]

1. e4 e6 2. d4 d5 3. e5 c5 4. c3 Nc6 5. Nf3 Nge7 6. Bd3 Nf5 7. Be3 cxd4 8. Bxd4 g5 9. Bxf5 Nxd4 10. Qxd4 exf5 11. e6 Rg8 12. exf7+ Kxf7 13. Ne5+ Ke6 14. O-O Qb6 15. Re1 Qxd4 16. cxd4 Kf6 17. Nc3 Be6 18. a3 a6 19. Rac1 Bd6 20. Na4 Rac8 21. Nc5 Rxc5 22. Rxc5 Bxc5 23. dxc5 d4 24. Nf3 d3 25. Rd1 Rd8 26. Rd2 Bc4 27. Ne1 Rd5 28. b4 g4 29. Kf1 Ke5 30. f3 Kd4 31. Kf2 Kc3 32. Rd1 d2 33. fxg4 fxg4 34. h3 dxe1=Q+ 35. Rxe1 Rd2+ 36. Kg3 gxh3 37. gxh3 Rd3+ 38. Kg4 Kb2 39. Re7 Bd5 40. Rxh7 Kxa3 41. b5 axb5 42. h4 b4 0-1

[Event "November 21 Early 2023"]
[Site "https://www.chess.com"]
[Date "2023.11.21"]
[Round "1"]
[White "Mohammad Fahad, Rahman"]
[Black "Szyszylo, Rafal"]
[Result "1-0"]
[Board "115"]
[TimeControl "180+1"]
[WhiteFideId "10207791"]
[BlackFideId "1109626"]
[WhiteElo "2339"]
[BlackElo "1951"]
[WhiteTeam "BAN"]
[BlackTeam "POL"]
[WhiteClock "0:00:14"]
[BlackClock "0:00:05"]

1. c4 d6 2. Nc3 Nf6 3. g3 g6 4. Bg2 Bg7 5. Nf3 O-O 6. d4 Nbd7 7. O-O e5 8. e4 exd4 9. Nxd4 Re8 10. Qc2 Nc5 11. Rd1 Bd7 12. h3 a5 13. a4 Qc8 14. Kh2 h5 15. Be3 h4 16. g4 Nh7 17. f4 g5 18. Qf2 gxf4 19. Bxf4 Ne6 20. Nxe6 Bxe6 21. Nd5 c6 22. Nb6 Qb8 23. Nxa8 Qxa8 24. Bxd6 Bxc4 25. e5 Qd8 26. Re1 Qg5 27. Kh1 Bd5 28. Bxd5 cxd5 29. Rf1 Qg6 30. Rae1 Ng5 31. Qxh4 Ne4 32. Rf5 Nxd6 33. exd6 Rxe1+ 34. Qxe1 Qxd6 35. Qe8+ Kh7 36. Qxf7 Kh8 37. Rh5+ Bh6 38. g5 1-0

[Event "November 21 Early 2023"]
[Site "https://www.chess.com"]
[Date "2023.11.21"]
[Round "1"]
[White "Buchenau, Frank"]
[Black "Nagy, Gabor"]
[Result "0-1"]
[Board "116"]
[TimeControl "180+1"]
[WhiteFideId "4604350"]
[BlackFideId "737119"]
[WhiteElo "2157"]
[BlackElo "2505"]
[WhiteTeam "GER"]
[BlackTeam "HUN"]
[WhiteClock "0:00:03"]
[BlackClock "0:00:56"]

1. e4 e5 2. Bc4 Nf6 3. d3 c6 4. Nf3 d5 5. Bb3 a5 6. a4 Bb4+ 7. c3 Bd6 8. Bg5 dxe4 9. dxe4 h6 10. Bh4 Qe7 11. Nbd2 Bc7 12. O-O O-O 13. Nc4 Na6 14. Qe2 Nc5 15. Bc2 Ne6 16. Bg3 Nf4 17. Bxf4 exf4 18. e5 Nd5 19. Qe4 g6 20. Nd4 Re8 21. Rfe1 Qc5 22. Nb3 Qf8 23. Nd4 Be6 24. Nd2 Rad8 25. Qf3 Bc8 26. e6 f5 27. Nc4 Qf6 28. Re2 Bxe6 29. Rae1 Bf7 30. Rxe8+ Rxe8 31. Rxe8+ Bxe8 32. Qe2 Bf7 33. h3 h5 34. Nf3 Kg7 35. h4 Qe7 36. Qxe7 Nxe7 37. Kf1 Bxc4+ 38. Ke1 Bd5 0-1